cohdb
Replays
Latest Replays
All Replays
Popular Replays
Top Player Replays
Match Explorer
How It Works
Community
CoH3 Stats
Reddit
Sign in to upload your games and track your stats! →
Sign in with Steam
Match 41532210
Unlisted
Match 41532210
Overview
Messages
Build Orders
End
Construct Barracks
Riflemen Squad
Riflemen Squad
Construct Weapon Support Center
M1919 Machine Gun Team
Bazooka Squad
Selects Advanced Infantry Battlegroup
Selects Artillery Observers
Infantry Support Center
Construct Medical Station
Riflemen Squad
Selects Convert to Ranger Squad
Гетьман
Nubbl0r
0
0
Comments
sign in to comment!
No comments posted yet!